Map: Orbital Shipyard

Players

Javert

  • Race: Zerg Zerg
  • League: Grandmaster

seumga - Winner!

  • Race: Protoss Protoss
  • League: Grandmaster

VOD

Have the link to the VOD?

Description

Time

  • Played on: June 29, 2015, 10:12 p.m.
  • Length: 6:22
Show
View Real Time Build Order
Export as new Build Order

Javert Zerg 

Build Orders: Hatch First 

Get SALT Encoding   

  12  0:01  Drone  
  13  0:11  Drone  
  14  0:22  Overlord  
  14  0:26  Extractor  
  14  0:27  Extractor  
  12  0:29  Drone x2  
  16  0:51  Hatchery  
  15  0:57  Drone  
  15  0:59  Extractor  
  15  1:11  Spawning Pool  
  15  1:15  Drone  
  15  1:18  Drone  
  16  1:25  Drone  
  17  1:27  Drone  
  18  1:41  Drone  
  19  1:48  Overlord  
  19  1:58  Queen  
  21  2:02  Metabolic Boost  
  21  2:05  Queen  
  23  2:09  Zergling x2  
  23  2:12  Zergling x2  
  23  2:15  Zergling x2  
  26  2:24  Zergling x4  
  28  2:44  Drone x4  
  32  2:53  Zergling x4  
  34  2:58  Overlord  
  34  3:11  Drone x2  
  36  3:15  Overlord x2  
  36  3:28  Drone x6  
  42  3:43  Drone x2  
  42  3:44  Drone x4  
  47  4:05  Drone  
  47  4:06  Drone x5  
  49  4:18  Drone x3  
  52  4:29  Overlord  
  52  4:37  Hatchery  
  50  4:43  Extractor  
  50  4:44  Extractor  
  50  4:45  Lair  
  47  4:47  Extractor  
  46  4:55  Evolution Chamber  
  46  4:57  Evolution Chamber  
  46  4:58  Roach Warren  
  43  5:02  Zergling x4  
  43  5:03  Zergling x8  
  49  5:11  Drone x4  
  53  5:18  Drone x5  
  45  5:38  Spore Crawler, Spine Crawler  
  45  5:39  Spore Crawler, Drone x5  
  45  5:50  Overseer  
  43  6:04  Overlord  
Show
View Real Time Build Order
Export as new Build Order

seumga Protoss - Winner!

Build Orders: 1 Gate Expand, Dark Templar Rush 

Get SALT Encoding   

  12  0:01  Probe  
  13  0:15  Pylon  
  13  0:18  Probe  
  14  0:33  Probe (Chrono Boost)  
  15  0:37  Gateway  
  15  0:45  Probe (Chrono Boost)  
  16  0:52  Probe (Chrono Boost)  
  16  0:53  Assimilator  
  17  0:58  Assimilator  
  17  1:03  Probe (Chrono Boost)  
  18  1:07  Pylon  
  18  1:15  Probe (Chrono Boost)  
  19  1:21  Probe (Chrono Boost)  
  20  1:35  Probe  
  21  1:42  Nexus  
  21  1:50  Probe (Chrono Boost)  
  22  1:57  Cybernetics Core  
  22  2:02  Probe (Chrono Boost)  
  22  2:05  Zealot  
  25  2:12  Probe (Chrono Boost)  
  26  2:21  Probe  
  27  2:33  Probe  
  27  2:34  Stalker  
  27  2:35  Pylon  
  30  2:38  Pylon  
  30  2:52  Twilight Council  
  30  2:55  Probe (Chrono Boost)  
  30  2:56  Probe (Chrono Boost)  
  32  2:59  Warp Gate (Chrono Boost)  
  34  3:06  Probe (Chrono Boost)  
  34  3:08  Sentry, Probe (Chrono Boost)  
  34  3:12  Probe  
  37  3:17  Probe  
  37  3:19  Assimilator  
  38  3:24  Assimilator  
  38  3:28  Pylon  
  38  3:30  Probe x2 (Chrono Boost)  
  42  3:42  Probe x2 (Chrono Boost)  
  42  3:43  Dark Shrine  
  42  3:50  Probe (Chrono Boost)  
  42  3:51  Gateway  
  42  3:52  Gateway  
  42  3:55  Probe  
  46  4:16  Pylon  
  44  4:37  Probe (Chrono Boost)  
  42  4:47  Probe (Chrono Boost)  
  42  4:49  Probe (Chrono Boost)  
  42  4:52  Pylon  
  43  4:54  Probe  
  43  4:56  Pylon  
  44  5:00  Probe  
  44  5:01  Dark Templar x3  
  51  5:08  Probe  
  51  5:13  Pylon  
  52  5:22  Robotics Facility  
  52  5:29  Nexus  
  52  5:31  Pylon  
  52  5:34  Dark Templar x3  
  57  5:45  Forge  
  57  5:47  Probe (Chrono Boost)  
  57  5:49  Probe (Chrono Boost)  
  61  5:57  Probe (Chrono Boost)  
  61  5:58  Probe (Chrono Boost)  
Tags
 
Add a new tag
Caveats
  • Supply blocks, unpowered buildings, or Contaminate may cause inaccurate times.
  • Supply counts are checked every 10 seconds.